 Dungeon Crawl Stone Soup version 0.31.0-11-ge490571c62 (webtiles) character file.

Game seed: 11370868893359568096

3007 monsoonserge the Basher (level 9, -6/78 HPs)
             Began as a Hill Orc Reaver on Jan 30, 2024.
             Was a High Priest of Jiyva.
             Mangled by a gnoll sergeant
             ... wielding a +0 glaive
              (14 damage)
             ... in a bailey.
             The game lasted 00:17:52 (4146 turns).

monsoonserge the Basher (Hill Orc Reaver)           Turns: 4146, Time: 00:17:54

Health: -6/78      AC: 11    Str: 26 (27) XL:     9   Next: 84%
Magic:  11/11      EV: 14    Int: 10 (11) God:    Jiyva [*****.]
Gold:   321        SH:  0    Dex:  7 (10) Spells: 10/11 levels left

rFire   . . .        o - +10 hammer "Ucvafa Ban" {flame, Dex+3}
rCold   + . .        (no shield)
rNeg    . . .        r - +1 scale mail {rC+}
rPois   .            (no helmet)
rElec   .            t - scarf {harm}
rCorr   +            (no gloves)
SInv    .            (no boots)
Will    ++...        (no amulet) Stlth
                     (no ring)
HPRegen 1.77/turn    (no ring)
MPRegen 0.84/turn

%: harm (+30% outgoing, +20% incoming)
@: weakened, invisible
A: strong-willed 2, strong 2, gelatinous body 3, jelly absorbing missiles
a: Renounce Religion, Oozemancy, Slimify


You were in a bailey.
You worshipped Jiyva.
Jiyva was extremely pleased with you.
You visited 1 branch of the dungeon, and saw 7 of its levels.
You also visited: Bailey.

You collected 321 gold pieces.

Inventory:

Hand Weapons
 m - a +3 quarterstaff of chaos
 o - the +10 hammer "Ucvafa Ban" (weapon) {flame, Dex+3}
   (You found it on level 3 of the Dungeon)

   Dex+3:     It affects your dexterity (+3).
Missiles
 y - 4 throwing nets
Armour
 n - a +0 cloak
 r - a +1 scale mail of cold resistance (worn)
 t - a scarf of harm (worn)
 u - +0 acid dragon scales
Jewellery
 x - a ring of flight
Wands
 q - a wand of flame (19)
 s - a wand of charming (3)
Scrolls
 a - a scroll of teleportation {unknown}
 b - a scroll of fog {unknown}
 d - a scroll of poison
 g - 2 scrolls of identify {unknown}
 h - a scroll of vulnerability {unknown}
 j - a scroll of fear {unknown}
 v - 4 scrolls of enchant armour {unknown}
Potions
 c - a potion of lignification
 f - a potion of berserk rage {unknown}
 i - a potion of curing {unknown}
 k - a potion of brilliance {unknown}
 l - a potion of ambrosia {unknown}
 p - a potion of degeneration
 w - a potion of cancellation


   Skills:
 + Level 6.6 Fighting
 - Level 5.8(9.5) Axes
 + Level 9.9(10.3) Maces & Flails
 + Level 5.8 Armour
 + Level 4.2 Dodging
 - Level 1.0 Stealth
 + Level 1.7 Spellcasting
 + Level 3.1 Conjurations
 + Level 0.5 Evocations


You had 10 spell levels left.
You knew the following spells:

 Your Spells              Type           Power      Damage    Failure   Level
a - Kiss of Death         Conj/Necr      16%        2d6       34%         1

Your spell library contained the following spells:

 Spells                   Type           Power      Damage    Failure   Level
 Momentum Strike          Conj/Tloc      8%         3d8       47%         2
 Hailstorm                Conj/Ice       4%         3d5       71%         3
 Gell's Gravitas          Tloc           0%         N/A       90%         3
 Teleport Other           Tloc           0%         N/A       90%         3
 Dispersal                Tloc           0%         N/A       100%        6


Dungeon Overview and Level Annotations

Branches:
Dungeon (7/15)             Bailey (1/1)
 Temple: D:4-7

Altars:
Cheibriados
Elyvilon
Jiyva

Annotations:
D:4 Eustachio
D:6 2 transporters


Innate Abilities, Weirdness & Mutations

You are highly strong-willed. (Will++)
Your muscles are very strong. (Str +8, Int/Dex -2)
Your gelatinous body deflects attacks. (AC +3, EV +3)
You have a small jelly attached to you that may absorb projectiles.


Message History

The wolf bites you but does no damage.
The gnoll sergeant hits you from afar with a +0 glaive!
A gnoll sergeant comes into view. It is wielding a +0 glaive.
The gnoll sergeant closely misses you. The wolf bites you but does no damage.
You hear a howl!
You closely miss the wolf.
The wolf is severely wounded.
You hear a shout!
You hear an angry growl.
The wolf bites you.
The gnoll bouda gazes fiercely through you!
You feel as though you will be weak longer.
The gnoll bouda closely misses you. The wolf bites you but does no damage.
The gnoll sergeant closely misses you. The wolf misses you.
You hear a shout!
You completely miss the wolf.
The wolf is severely wounded.
The wolf completely misses you.
The gnoll sergeant hits you from afar with a +0 glaive!
The wolf closely misses you.
The gnoll bouda gazes fiercely through you!
You feel as though you will be weak longer.
The gnoll bouda closely misses you.
The gnoll sergeant hits you from afar with a +0 glaive.
The wolf barely misses you.
A wolf comes into view.
You hit the wolf. You burn the wolf.
The wolf is almost dead.
The wolf bites you!
* * * LOW HITPOINT WARNING * * *
The gnoll sergeant barely misses you. The wolf misses you.
The wolf barely misses you.
The gnoll sergeant hits you from afar with a +0 glaive!
* * * LOW HITPOINT WARNING * * *
It was a potion of invisibility.
You fade into invisibility!
The wolf bites you!
* * * LOW HITPOINT WARNING * * *
The wolf barely misses you.
The gnoll sergeant hits you from afar with a +0 glaive!
You die... ..... ..... ###...### .#...#. ggghg ggg

##h##
##)@h##
##.....##
#.......#
#...8...#
#.......#
##.....##
##[.[##
##'##
#...#


You could see 3 gnoll sergeants, 3 wolves, 2 gnoll boudas and 2 gnolls.

Vanquished Creatures
  An acid dragon (D:5)
  Edmund (D:5)
  Duvessa (D:5)
  2 ice beasts (D:6)
  2 black bears (D:6)
  2 sky beasts
  An ogre (D:6)
  2 wolves (Bailey)
  2 centaurs
  2 phantoms
  2 gnoll sergeants (Bailey)
  2 bullfrogs
  A scorpion (D:6)
  Dowan (D:5)
  A howler monkey (D:6)
  2 bombardier beetles (D:6)
  6 hounds
  2 gnoll boudas (Bailey)
  3 orc priests
  A sleepcap (D:6)
  Crazy Yiuf (D:3)
  4 iguanas
  Terence (D:3)
  Natasha (twice) (D:3)
  An orc wizard (D:6)
  5 gnolls (Bailey)
  19 adders
  A ribbon worm (D:3)
  3 dart slugs
  9 orcs
  5 bats
  A giant cockroach (D:1)
  6 goblins
  4 hobgoblins
  4 jackals (D:1)
  5 quokkas
  9 ball pythons
  6 frilled lizards
  7 kobolds
  4 rats
134 creatures vanquished.

Vanquished Creatures (collateral kills)
  Menkaure (D:5)
  A gnoll bouda (Bailey)
  4 gnolls (Bailey)
6 creatures vanquished.

Vanquished Creatures (others)
  Sigmund (D:3)
  A gnoll sergeant (Bailey)
  4 jellies
  An iguana (D:4)
  Natasha (D:3)
  2 adders
  An endoplasm (D:2)
  4 orcs (D:4)
  A ball python (D:4)
  2 giant cockroaches
  A goblin (D:3)
  2 hobgoblins
  A quokka (D:1)
  A bat (D:2)
  4 rats
27 creatures vanquished.

Grand Total: 167 creatures vanquished

Notes
Turn   | Place    | Note
-------+----------+-------------------------------------------
     0 | D:1      | monsoonserge the Hill Orc Reaver began the quest for the
                  | Orb.
     0 | D:1      | Reached XP level 1. HP: 18/18 MP: 3/3
   124 | D:1      | Reached XP level 2. HP: 25/25 MP: 4/4
   258 | D:1      | Found a faded altar of an unknown god.
   271 | D:1      | Prayed at the altar of an unknown god.
   271 | D:1      | Became a worshipper of Jiyva Jizyfaxu the Shapeless
   271 | D:1      | Reached * piety under Jiyva
   353 | D:1      | Reached XP level 3. HP: 29/30 MP: 5/5
   444 | D:1      | Reached ** piety under Jiyva
   932 | D:2      | Reached skill level 1 in Armour
  1006 | D:2      | Found a snail-covered altar of Cheibriados.
  1084 | D:2      | Reached skill level 5 in Axes
  1084 | D:2      | Reached XP level 4. HP: 29/37 MP: 6/6
  1278 | D:2      | Reached *** piety under Jiyva
  1481 | D:3      | Noticed Natasha
  1490 | D:3      | Killed Natasha
  1593 | D:3      | Gained mutation: Your rubbery body absorbs attacks. (AC +1,
                  | EV +1) [Jiyva's grace]
  1593 | D:3      | Gained mutation: Your pliable body absorbs attacks. (AC +2,
                  | EV +2) [Jiyva's grace]
  1593 | D:3      | Gained mutation: Your gelatinous body deflects attacks. (AC
                  | +3, EV +3) [Jiyva's grace]
  1593 | D:3      | Gained mutation: Your muscles are strong. (Str +4, Int/Dex
                  | -1) [Jiyva's grace]
  1656 | D:3      | Reached XP level 5. HP: 45/45 MP: 7/7
  1674 | D:3      | Killed Natasha
  1700 | D:3      | Reached **** piety under Jiyva
  1726 | D:3      | Found a runed translucent door.
  1727 | D:3      | Noticed Crazy Yiuf
  1733 | D:3      | Killed Crazy Yiuf
  1736 | D:3      | Identified the +10 hammer "Ucvafa Ban" {flame, Dex+3}
  1757 | D:3      | Noticed Terence
  1758 | D:3      | Noticed Sigmund
  1807 | D:3      | Killed Sigmund
  1808 | D:3      | Reached skill level 1 in Maces & Flails
  1808 | D:3      | Reached XP level 6. HP: 45/51 MP: 8/8
  1813 | D:3      | Killed Terence
  1855 | D:3      | Noticed Natasha
  1867 | D:3      | Killed Natasha
  1868 | D:3      | Reached skill level 2 in Maces & Flails
  2061 | D:3      | Found a white marble altar of Elyvilon.
  2546 | D:4      | Identified the +2 sling "Pots" {speed, Str+3}
  2774 | D:5      | Entered Level 5 of the Dungeon
  2775 | D:5      | Noticed Eustachio
  2786 | D:4      | Reached XP level 7. HP: 55/59 MP: 9/9
  2835 | D:5      | Reached skill level 3 in Maces & Flails
  2874 | D:5      | Reached ***** piety under Jiyva
  2874 | D:5      | Noticed Duvessa
  2881 | D:5      | Killed Duvessa
  2881 | D:5      | Noticed Dowan
  2882 | D:5      | Reached skill level 4 in Maces & Flails
  2886 | D:5      | Killed Dowan
  2999 | D:5      | Reached skill level 5 in Maces & Flails
  3012 | D:5      | Gained mutation: You have a small jelly attached to you
                  | that may absorb projectiles. [Jiyva's grace]
  3012 | D:5      | Gained mutation: Your muscles are very strong. (Str +8,
                  | Int/Dex -2) [Jiyva's grace]
  3012 | D:5      | Gained mutation: You are strong-willed. (Will+) [Jiyva's
                  | grace]
  3012 | D:5      | Gained mutation: You are highly strong-willed. (Will++)
                  | [Jiyva's grace]
  3070 | D:5      | Noticed Menkaure
  3072 | D:5      | Killed Menkaure
  3073 | D:5      | Reached XP level 8. HP: 39/67 MP: 10/10
  3290 | D:6      | Reached skill level 6 in Maces & Flails
  3331 | D:6      | Noticed Edmund
  3339 | D:5      | Reached skill level 5 in Fighting
  3342 | D:5      | Killed Edmund
  3343 | D:5      | Reached skill level 7 in Maces & Flails
  3404 | D:6      | Reached skill level 8 in Maces & Flails
  3445 | D:6      | Reached skill level 1 in Stealth
  3457 | D:6      | Reached XP level 9. HP: 67/74 MP: 11/11
  3572 | D:6      | Found a transporter.
  3589 | D:6      | Found a transporter.
  3620 | D:6      | Reached skill level 9 in Maces & Flails
  3620 | D:6      | Reached skill level 5 in Armour
  3970 | D:7      | Found a flagged portal.
  4003 | Bailey   | Entered a bailey
  4146 | Bailey   | Mangled by a gnoll sergeant

Illustrated notes

Levels and vault maps discovered:
D:1:      minmay_arrival_shattered_statue, layout_basic,
          hellmonk_ecumenical_altar_leap_of_faith, serial_glass,
          glass_columns_a, glass_columns_b, glass_columns_a, glass_columns_a,
          glass_columns_c, glass_columns_b, glass_columns_c, glass_columns_c,
          minmay_heptomino_l4
D:2:      minmay_door_path, layout_basic, basic_altar, minmay_distorted
D:3:      layout_basic, amcnicky_altar_gilded, uniq_natasha, uniq_terence,
          uniq_sigmund, uniq_crazy_yiuf_cottage
D:4:      layout_rooms
D:5:      layout_cave_pools, uniq_menkaure, uniq_duvessa, uniq_eustachio
D:6:      gammafunk_steamed_eel, layout_rooms, nicolae_half_adder, uniq_edmund
D:7:      layout_cave_pods, minmay_temple_entry_ruins, enter_bailey_5,
          minmay_increasing_density
Bailey:   bailey_polearm_gnolls_kennysheep, bailey

Skill      XL: |  1  2  3  4  5  6  7  8  9 |
---------------+----------------------------+-----
Armour         | 1 2 3 4 5 |  5.8
Dodging        | 2 3 4 |  4.2
Axes           | 5 |  5.8
Fighting       | 3 4 5 6 |  6.6
Maces & Flails | 1 2 5 8 9 |  9.9
Stealth        | 1 |  1.0
Spellcasting   | |  1.7
Conjurations   | |  3.1
Evocations     | |  0.5

Action                     |  1- 3 |  4- 6 |  7- 9 || total
---------------------------+-------+-------+-------++-------
  Melee: Hand axe          |   106 |    70 |       ||   176
         Punch             |       |     3 |       ||     3
         Mace              |       |    35 |   178 ||   213
 Invoke: Oozemancy         |       |     1 |       ||     1
  Evoke: Wand              |       |       |     8 ||     8
    Use: Scroll            |     1 |       |       ||     1
         Potion            |       |       |     4 ||     4
 Armour: Leather armour    |    63 |    37 |       ||   100
         Scale mail        |       |    21 |   156 ||   177
         Skin              |       |       |    42 ||    42
  Dodge: Dodged            |    76 |    76 |   188 ||   340
